 Dungeon Crawl Stone Soup version 0.16-a0-4086-gceb3487 (webtiles) character file.

19906 cmpxchg the Spear-Bearer (level 12, -2/112 HPs)
             Began as a Minotaur Berserker on Feb 23, 2015.
             Was a High Priest of Trog.
             Slain by a blue devil (3 damage)
             ... summoned by an orc high priest
             ... on level 4 of the Orcish Mines.
             The game lasted 00:40:58 (11438 turns).

cmpxchg the Spear-Bearer (Minotaur Berserker)      Turns: 11438, Time: 00:40:58

Health: -2/112     AC: 17    Str: 31    XL:     12   Next: 40%
Magic:  5/5        EV: 12    Int:  4    God:    Trog [*****.]
Gold:   792        SH:  0    Dex: 10    Spells: 0 memorised, 11 levels left

rFire  . . .     SeeInvis +     r - +5 glaive of the Unseen Realm {chop, rC+ MR+}
rCold  + . .     Clarity  .     A - +2 chain mail {rPois}
rNeg   . . .     SustAb   .     (no shield)
rPois  +         Gourm    .     (helmet restricted)
rElec  .         Spirit   .     j - +0 cloak
rCorr  .         Warding  .     h - +0 pair of gloves
rMut   .         Stasis   .     (no boots)
MR     +++..                    (no amulet)
Stlth  ..........               p - ring of see invisible
                                k - +4 ring of strength

@: exhausted, regenerating, slowed, drained, very slow, extremely resistant to
hostile enchantments, extremely unstealthy
A: retaliatory headbutt, horns 2
a: Burn Spellbooks, Berserk, Trog's Hand, Brothers in Arms, Renounce Religion


You were on level 4 of the Orcish Mines.
You worshipped Trog.
Trog was extremely pleased with you.
You were not hungry.

You visited 2 branches of the dungeon, and saw 15 of its levels.
You also visited: Ice Cave and Volcano.

You collected 982 gold pieces.
You spent 190 gold pieces at shops.

Inventory:

Hand weapons
 g - a +2 halberd of flaming
 r - the +5 glaive of the Unseen Realm (weapon) {chop, rC+ MR+}
   (You acquired it on level 7 of the Dungeon)

   It inflicts extra damage upon your enemies.
   It protects you from cold.
   It affects your resistance to hostile enchantments.
 B - a +4 bardiche
Armour
 h - a +0 pair of gloves (worn)
 j - a +0 cloak (worn)
 m - a +1 chain mail of fire resistance
 A - a +2 chain mail of poison resistance (worn)
Jewellery
 k - a +4 ring of strength (left hand)
 p - a ring of see invisible (right hand)
Magical devices
 w - a wand of digging (7)
Scrolls
 e - 4 scrolls of remove curse
 i - 2 scrolls of blinking
 l - a scroll of magic mapping
 s - a scroll of recharging
 t - 10 scrolls of identify
 v - 4 scrolls of teleportation
 x - a scroll of enchant weapon
Potions
 a - 3 potions of berserk rage
 b - a potion of haste
 d - a potion of heal wounds
 f - 2 potions of curing
 n - 3 potions of might
 q - 2 potions of ambrosia
Books
 C - a book of the Warp

   Spells                             Type                      Level
   a - Recall                         Summoning/Translocation      3
   b - Control Teleport               Charms/Translocation         4
   c - Force Lance                    Conjuration/Translocation    4
   d - Phase Shift                    Translocation                5
   e - Warp Weapon                    Charms/Translocation         5
   f - Gell's Gravitas                Hexes/Translocation          5
   g - Summon Forest                  Summoning/Translocation      5
   Trog disapproves of the use of such an item.
Comestibles
 c - 2 bread rations


   Skills:
 + Level 12.2(11.4) Fighting
 + Level 14.7(13.8) Polearms
 + Level 11.9(11.1) Armour
 + Level 8.9(8.2) Dodging
 + Level 3.4(2.8) Stealth


You had 11 spell levels left.
You didn't know any spells.

Dungeon Overview and Level Annotations

Branches:
Dungeon (11/15)            Temple (0/1) D:7            Lair (0/8) D:10
    Orc (4/4) D:11            Elf (0/3) Orc:3

Altars:
Ashenzari
Cheibriados
Elyvilon
Fedhas
Gozag
Kikubaaqudgha
Nemelex Xobeh
Ru
Trog
Yredelemnul
The Shining One
Beogh

Shops:
D:5 !

Annotations:
Orc:4 Saint Roka, Sonja


Innate Abilities, Weirdness & Mutations

You reflexively headbutt those who attack you in melee.
You have a pair of horns on your head.


Message History

* * * LOW HITPOINT WARNING * * *
The sixfirhy hits you but does no damage. x3
The orc high priest hits you with a flail.
* * * LOW HITPOINT WARNING * * *
The blue devil barely misses you.
The blue devil hits you but does no damage.
The sixfirhy hits you but does no damage.
The orc high priest invokes the aid of Beogh against you.
You easily resist.
Use which ability? (? or * to list)
Your skin crawls.
You feel resistant to hostile enchantments.
You feel slightly more hungry. The sixfirhy barely misses you.
You furiously retaliate!
You headbutt the sixfirhy. The blue devil closely misses you.
The blue devil hits you.
* * * LOW HITPOINT WARNING * * *
The orc high priest hits you but does no damage.
The blue devil hits you but does no damage.
The blue devil hits you.
You die...

..###'###o# #..........#
....⌠...⌠..#
#..........###.###
#........))........
#..###.###)####### #..# #)#
#)# .#
.######..###)###)#######..##
..........†.)4@o.)...........
............)4.4.)...........
......#################.#...
.....# ..#.# ... .


You could see an orc high priest, a sixfirhy and 2 blue devils.

Vanquished Creatures
  3 orc high priests (Orc:4)
  2 ice devils (IceCv)
  4 ice statues (IceCv)
  A necromancer (IceCv)
  An elephant (D:10)
  A centaur zombie (D:11)
  An orange demon (Orc:4)
  Psyche (D:10)
  A two-headed ogre (D:10)
  2 blue devils (IceCv)
  A troll (Orc:3)
  4 wandering mushrooms (D:8)
  2 flying skulls (Volcano)
  11 yaks
  2 vampires (Volcano)
  A trapdoor spider (D:11)
  3 deep elf magi
  3 wyverns
  A ynoxinul (Orc:4)
  The ghost of Thorbinator the Spear-Bearer, an average MfGl (D:4)
  6 wargs
  A mottled dragon (D:11)
  A hippogriff (D:8)
  A water moccasin (D:9)
  2 black bears
  A phantom (D:11)
  8 orc warriors
  2 necrophages
  The ghost of cmpxchg the Cudgeler, an average MiBe of Trog (D:3)
  16 ice beasts
  3 sky beasts
  A crocodile (D:10)
  2 ogres
  2 centaurs
  2 big kobolds
  Sigmund (D:7)
  Duvessa (D:7)
  2 giant frogs
  4 scorpions
  A wyvern skeleton (D:11)
  6 killer bees (D:10)
  4 wights (D:9)
  2 oklob saplings (D:8)
  Dowan (D:7)
  4 draconian simulacra (IceCv)
  A wasp zombie (D:9)
  7 goliath beetles
  3 crimson imps
  3 hounds
  Crazy Yiuf (D:7)
  15 orc priests
  7 centaur skeletons
  2 giant frog skeletons
  12 orc wizards
  10 worker ants
  Natasha (twice) (D:6)
  4 iguanas
  A sheep (D:10)
  Ijyb (D:4)
  A mummy (Volcano)
  A hound skeleton (D:10)
  A hound zombie (D:8)
  4 gnolls
  5 naga simulacra (IceCv)
  An ogre simulacrum (IceCv)
  7 adders
  2 shadow imps
  2 giant mites
  A white imp (D:6)
  A worm (D:2)
  2 ufetubi (Orc:4)
  2 adder zombies
  6 giant geckos
  91 orcs
  14 bats
  17 goblins
  16 hobgoblins
  2 jackals (D:2)
  4 quokkas
  A ball python (D:2)
  4 giant cockroaches
  A giant gecko skeleton (D:4)
  6 giant newts
  A goblin skeleton (D:6)
  2 hobgoblin zombies (D:6)
  22 kobolds
  A kobold skeleton (D:6)
  A kobold zombie (D:6)
  2 orc skeletons (D:6)
  18 rats
  3 spectral orcs (D:10)
432 creatures vanquished.

Vanquished Creatures (collateral kills)
  An orc high priest (Orc:4)
  Nergalle (D:10)
  A soul eater (Orc:4)
  A warg (Orc:4)
  An orc warrior (D:9)
  An ogre (Orc:2)
  An orc priest (Orc:4)
  A worker ant (D:10)
  2 ufetubi (Orc:4)
  18 orcs
  3 kobolds (D:10)
  A rat (D:10)
32 creatures vanquished.

Vanquished Creatures (others)
  A troll (IceCv)
1 creature vanquished.

Grand Total: 465 creatures vanquished

Notes
Turn   | Place    | Note
--------------------------------------------------------------
     0 | D:1      | cmpxchg, the Minotaur Berserker, began the quest for the Orb.
     0 | D:1      | Reached XP level 1. HP: 19/19 MP: 1/1
    72 | D:1      | Reached skill level 4 in Polearms
   236 | D:1      | Reached XP level 2. HP: 27/27 MP: 1/1
   471 | D:1      | Acquired Trog's second power
   668 | D:2      | Reached XP level 3. HP: 18/33 MP: 2/2
   720 | D:2      | Found an ancient bone altar of Kikubaaqudgha.
   967 | D:2      | Reached XP level 4. HP: 41/41 MP: 2/2
  1167 | D:2      | Found a white marble altar of Elyvilon.
  1431 | D:3      | Noticed cmpxchg's ghost (average MiBe)
  1443 | D:3      | Killed cmpxchg's ghost
  1443 | D:3      | Reached skill level 5 in Fighting
  1443 | D:3      | Reached skill level 5 in Polearms
  1443 | D:3      | Reached XP level 5. HP: 46/48 MP: 2/2
  1492 | D:3      | Reached XP level 6. HP: 39/56 MP: 3/3
  1894 | D:4      | Noticed Ijyb
  1911 | D:4      | Killed Ijyb
  2023 | D:4      | Noticed Thorbinator's ghost (average MfGl)
  2034 | D:4      | Killed Thorbinator's ghost
  2034 | D:4      | Reached skill level 5 in Armour
  2034 | D:4      | Reached skill level 1 in Stealth
  2096 | D:4      | Found a snail-covered altar of Cheibriados.
  2096 | D:4      | Found a basalt altar of Yredelemnul.
  2217 | D:4      | Acquired Trog's third power
  2265 | D:4      | Reached XP level 7. HP: 61/61 MP: 3/3
  2654 | D:5      | Entered Level 5 of the Dungeon
  2663 | D:5      | Found Bregar's Distillery.
  2683 | D:5      | Bought a potion of heal wounds for 50 gold pieces
  2683 | D:5      | Bought a potion of heal wounds for 50 gold pieces
  2683 | D:5      | Bought a potion of curing for 30 gold pieces
  2683 | D:5      | Bought a potion of curing for 30 gold pieces
  2683 | D:5      | Bought a potion of curing for 30 gold pieces
  3289 | D:5      | Found a bloodstained altar of Trog.
  3619 | D:6      | Found a sacrificial altar of Ru.
  3629 | D:6      | Reached skill level 6 in Armour
  3629 | D:6      | Reached skill level 5 in Dodging
  3642 | D:6      | Found a glowing golden altar of the Shining One.
  3707 | D:6      | Noticed Natasha
  3713 | D:6      | Killed Natasha
  3721 | D:6      | Found a shattered altar of Ashenzari.
  3939 | D:6      | Found an opulent altar of Gozag.
  3941 | D:6      | Found a sparkling altar of Nemelex Xobeh.
  4041 | D:6      | Noticed Natasha
  4048 | D:6      | Killed Natasha
  4107 | D:6      | Reached XP level 8. HP: 53/70 MP: 3/3
  4296 | D:7      | Found a staircase to the Ecumenical Temple.
  4331 | D:7      | Found a blossoming altar of Fedhas.
  4415 | D:7      | Found a flagged portal.
  4453 | D:7      | Noticed Duvessa
  4453 | D:7      | Noticed Dowan
  4459 | D:7      | Killed Duvessa
  4459 | D:7      | Reached skill level 7 in Polearms
  4460 | D:7      | Killed Dowan
  4806 | D:7      | Noticed Sigmund
  4827 | D:7      | Killed Sigmund
  4920 | D:7      | Noticed Crazy Yiuf
  4928 | D:7      | Killed Crazy Yiuf
  5395 | D:7      | Identified a scroll of acquirement
  5398 | D:7      | Got a faintly glowing glaive
  5399 | D:7      | Identified the +5 glaive of the Unseen Realm {chop, rC+ MR+} (You acquired it on level 7 of the Dungeon)
  5806 | D:8      | Reached skill level 8 in Polearms
  5806 | D:8      | Reached XP level 9. HP: 68/79 MP: 4/4
  5903 | D:8      | Noticed a wandering mushroom
  5906 | D:8      | Killed a wandering mushroom
  5914 | D:8      | Found a blossoming altar of Fedhas.
  5914 | D:8      | Noticed a wandering mushroom
  5914 | D:8      | Noticed a wandering mushroom
  5914 | D:8      | Noticed a wandering mushroom
  5919 | D:8      | Killed a wandering mushroom
  5921 | D:8      | Killed a wandering mushroom
  5928 | D:8      | Reached skill level 9 in Armour
  5935 | D:8      | Killed a wandering mushroom
  6294 | D:9      | Received a gift from Trog
  6358 | D:9      | Reached XP level 10. HP: 86/90 MP: 4/4
  6434 | D:9      | Reached skill level 10 in Polearms
  6837 | D:9      | Found a roughly hewn altar of Beogh.
  7066 | D:10     | Entered Level 10 of the Dungeon
  7066 | D:10     | Noticed Psyche
  7072 | D:10     | Killed Psyche
  7073 | D:10     | Received a gift from Trog
  7094 | D:10     | Got an ebony flail
  7095 | D:10     | Identified the +8 flail "Skeoniet" {crush, rElec rN+ Int-5 SInv} (You found it on level 10 of the Dungeon)
  7141 | D:10     | Noticed Nergalle
  7148 | D:10     | Killed Nergalle
  7155 | D:10     | Reached skill level 11 in Polearms
  7155 | D:10     | Reached skill level 10 in Armour
  7190 | D:10     | Found a staircase to the Lair.
  7190 | D:10     | Noticed an elephant
  7207 | D:10     | Killed an elephant
  7462 | D:10     | Reached skill level 12 in Polearms
  7574 | D:10     | Reached skill level 10 in Fighting
  7576 | D:10     | Reached XP level 11. HP: 47/99 MP: 4/4
  8074 | D:11     | Found a staircase to the Orcish Mines.
  8246 | D:11     | Found a frozen archway.
  8294 | IceCv    | Entered an ice cave
  8473 | IceCv    | Noticed an ice devil
  8483 | IceCv    | Killed an ice devil
  8485 | IceCv    | Noticed an ice statue
  8485 | IceCv    | Noticed an ice statue
  8493 | IceCv    | Killed an ice statue
  8640 | IceCv    | Killed an ice statue
  8640 | IceCv    | Reached skill level 13 in Polearms
  8860 | IceCv    | Noticed an ice devil
  8898 | IceCv    | Noticed an ice statue
  8908 | IceCv    | Killed an ice statue
  9047 | IceCv    | Noticed an ice statue
  9055 | IceCv    | Killed an ice statue
  9284 | IceCv    | Noticed a necromancer
  9292 | IceCv    | Killed a necromancer
  9364 | IceCv    | Killed an ice devil
  9384 | IceCv    | Received a gift from Trog
 10106 | Orc:1    | Entered Level 1 of the Orcish Mines
 10117 | Orc:1    | Reached XP level 12. HP: 102/111 MP: 5/5
 10450 | Orc:3    | Received a gift from Trog
 10779 | Orc:3    | Found a staircase to the Elven Halls.
 10832 | Orc:4    | Entered Level 4 of the Orcish Mines
 10877 | Orc:4    | Found a dark tunnel.
 10884 | Volcano  | Entered a volcano
 10925 | Volcano  | Reached skill level 14 in Polearms
 11218 | Orc:4    | Noticed Sonja
 11235 | Orc:4    | Noticed Saint Roka
 11437 | Orc:4    | HP: 4/112 [sixfirhy[an orc high priest] (9)]
 11438 | Orc:4    | HP: 1/112 [blue devil[an orc high priest] (4)]
 11438 | Orc:4    | Slain by a blue devil

Action                   |  1- 3 |  4- 6 |  7- 9 | 10-12 || total
-------------------------+-------+-------+-------+-------++-------
Melee: Spear             |    95 |   132 |   274 |       ||   501
       Glaive            |       |       |    90 |   534 ||   624
Invok: Berserk           |       |     2 |     3 |     9 ||    14
       Burn Spellbooks   |       |     1 |       |       ||     1
       Trog's Hand       |       |     2 |     1 |     5 ||     8
       Brothers in Arms  |       |       |       |     6 ||     6
  Use: Scroll            |     4 |     2 |    13 |     7 ||    26
       Potion            |     2 |       |     3 |     7 ||    12
 Stab: Invisible         |       |       |     1 |       ||     1
       Sleeping          |       |       |       |     1 ||     1
  Eat: Meat ration       |       |     1 |     2 |       ||     3
       Beef jerky        |       |     1 |       |       ||     1
       Bread ration      |       |       |     1 |     3 ||     4
       Fruit             |       |       |    10 |     8 ||    18
       Pizza             |       |       |       |     1 ||     1
